MWL (24 & UNDER)
WISCONSIN RAPIDS RANGERS @ BEMIDJI BENDERS
04/07/2026
 
TOP OF THE 1ST
Wisconsin Rapids Rangers batting - Pitching for Bemidji Benders : LHP Jesse Payne
Pitching: LHP Jesse Payne
Batting: RHB Troy Reed 0-0: Foul Ball, location: 2F
0-1: Ball
1-1: Foul Ball, location: 2F
1-2: Foul Ball, location: 2F
1-2: Ball
2-2: Ball
3-2: SINGLE (Line Drive, 6D)
Batting: LHB George Smith 0-0: Called Strike
0-1: Ball
1-1: Ball
2-1: Foul Ball, location: 2F
2-2: Foul Ball, location: 2F
2-2: Foul Ball, location: 2F
2-2: Ball
3-2: Ground out 4-3 (Groundball, 4M)
Troy Reed to second
Batting: RHB Dick Slagboom 0-0: Called Strike
0-1: Ground out 5-3 (Groundball, 5)
Batting: SHB Ricardo Arévalo 0-0: Ball
1-0: Ball
2-0: Ground out 4-3 (Groundball, 4)
Top of the 1st over - 0 run(s), 1 hit(s), 0 error(s), 1 left on base; Wisconsin Rapids 0 - Bemidji 0
BOTTOM OF THE 1ST
Bemidji Benders batting - Pitching for Wisconsin Rapids Rangers : RHP Carl Willis
Pitching: RHP Carl Willis
Batting: RHB Nick Harris 0-0: Foul Ball, location: 2F
0-1: Ball
1-1: Ball
2-1: Foul Ball, location: 2F
2-2: Ball
3-2: Ground out 4-3 (Groundball, 4M)
Batting: SHB Conan Hanson 0-0: Ball
1-0: SINGLE (Groundball, 34D)
Batting: SHB Dave Henley 0-0: Foul Ball, location: 2F
0-1: Foul Ball, location: 2F
0-2: Ball
1-2: DOUBLE (Line Drive, 7LM)
Conan Hanson to third
Batting: RHB Ken McDonald 0-0: Foul Ball, location: 2F
0-1: Ball
1-1: Foul Ball, location: 2F
1-2: DOUBLE (Groundball, 5L)
Conan Hanson scores
Dave Henley scores
Batting: LHB Todd Anderson 0-0: Called Strike
0-1: DOUBLE (Flyball, 8LXD)
Ken McDonald scores
Batting: RHB Bob Carr 0-0: SINGLE (Line Drive, 78S)
Todd Anderson to third
Batting: RHB Aaron Washington 0-0: Ball
1-0: Called Strike
1-1: Foul Ball, location: 2F
1-2: Strikes out swinging
Batting: LHB Jesús Raugel 0-0: Ball
1-0: Ball
2-0: Ball
3-0: Called Strike
3-1: Called Strike
3-2: Strikes out looking
Bottom of the 1st over - 3 run(s), 5 hit(s), 0 error(s), 2 left on base; Wisconsin Rapids 0 - Bemidji 3
TOP OF THE 2ND
Wisconsin Rapids Rangers batting - Pitching for Bemidji Benders : LHP Jesse Payne
Batting: RHB Juan García 0-0: Ball
1-0: Foul Ball, location: 2F
1-1: Foul Ball, location: 2F
1-2: Foul Ball, location: 2F
1-2: Ball
2-2: Strikes out swinging
Batting: RHB Robert Acosta 0-0: Swinging Strike
0-1: Ball
1-1: Called Strike
1-2: Strikes out swinging
Batting: RHB Andrés Bustamante 0-0: Called Strike
0-1: Called Strike
0-2: Foul Ball, location: 2F
0-2: Ball
1-2: Strikes out swinging
Top of the 2nd over - 0 run(s), 0 hit(s), 0 error(s), 0 left on base; Wisconsin Rapids 0 - Bemidji 3
BOTTOM OF THE 2ND
Bemidji Benders batting - Pitching for Wisconsin Rapids Rangers : RHP Carl Willis
Batting: RHB Taylor Justice 0-0: Swinging Strike
0-1: Foul Ball, location: 2F
0-2: Reached on error, E5 (Groundball, 56)
Batting: RHB Nick Harris 0-0: Ball
1-0: Called Strike
1-1: Called Strike
1-2: Reached on Error, E3 (Popup, 3L)
Taylor Justice to second
Batting: SHB Conan Hanson 0-0: Foul Ball, location: 2F
0-1: Foul Ball, location: 2F
0-2: Ball
1-2: Foul Ball, location: 2F
1-2: Ball
2-2: Ball
3-2: Foul Ball, location: 2F
3-2: Foul Ball, location: 2F
3-2: Fly out, F4 (Popup, 4D)
Batting: SHB Dave Henley 0-0: Ball
1-0: Foul Ball, location: 2F
1-1: Foul Ball, location: 2F
1-2: Ball
2-2: Fly out, F9 (Flyball, 9M)
Batting: RHB Ken McDonald 0-0: Ball
1-0: Ball
2-0: Swinging Strike
2-1: SINGLE (Flyball, 7LS)
Taylor Justice to third
Nick Harris to second
Batting: LHB Todd Anderson 0-0: Called Strike
0-1: Swinging Strike
0-2: Strikes out swinging
Bottom of the 2nd over - 0 run(s), 1 hit(s), 2 error(s), 3 left on base; Wisconsin Rapids 0 - Bemidji 3
TOP OF THE 3RD
Wisconsin Rapids Rangers batting - Pitching for Bemidji Benders : LHP Jesse Payne
Batting: RHB Pedro Ramírez 0-0: Bunted foul
0-1: Swinging Strike
0-2: Ball
1-2: Foul Ball, location: 2F
1-2: Strikes out swinging
Batting: RHB Salvador Vázquez 0-0: Called Strike
0-1: Swinging Strike
0-2: Strikes out swinging
Batting: RHB Troy Reed 0-0: Called Strike
0-1: Fly out, F9 (Flyball, 9LM)
Top of the 3rd over - 0 run(s), 0 hit(s), 0 error(s), 0 left on base; Wisconsin Rapids 0 - Bemidji 3
BOTTOM OF THE 3RD
Bemidji Benders batting - Pitching for Wisconsin Rapids Rangers : RHP Carl Willis
Batting: RHB Bob Carr 0-0: Foul Ball, location: 2F
0-1: Ball
1-1: Called Strike
1-2: Ground out 5-3 (Groundball, 56S)
Batting: RHB Aaron Washington 0-0: Ball
1-0: Ball
2-0: Fly out, F8 (Flyball, 78D)
Batting: LHB Jesús Raugel 0-0: Swinging Strike
0-1: Foul Ball, location: 2F
0-2: Strikes out swinging
Bottom of the 3rd over - 0 run(s), 0 hit(s), 0 error(s), 0 left on base; Wisconsin Rapids 0 - Bemidji 3
TOP OF THE 4TH
Wisconsin Rapids Rangers batting - Pitching for Bemidji Benders : LHP Jesse Payne
Batting: LHB George Smith 0-0: Swinging Strike
0-1: Called Strike
0-2: Ground out 4-3 (Groundball, 4S)
Batting: RHB Dick Slagboom 0-0: Foul Ball, location: 2F
0-1: Ball
1-1: Ball
2-1: Foul Ball, location: 2F
2-2: Ball
3-2: Fly out, F3 (Popup, 13)
Batting: SHB Ricardo Arévalo 0-0: Ball
1-0: Called Strike
1-1: Ball
2-1: Ball
3-1: Base on Balls
Batting: RHB Juan García 0-0: Ball
1-0: Ball
2-0: Swinging Strike
2-1: Called Strike
2-2: Strikes out swinging
Top of the 4th over - 0 run(s), 0 hit(s), 0 error(s), 1 left on base; Wisconsin Rapids 0 - Bemidji 3
BOTTOM OF THE 4TH
Bemidji Benders batting - Pitching for Wisconsin Rapids Rangers : RHP Carl Willis
Batting: RHB Taylor Justice 0-0: Called Strike
0-1: Ball
1-1: Ball
2-1: Ball
3-1: Called Strike
3-2: Fly out, F3 (Line Drive, 3)
Batting: RHB Nick Harris 0-0: Called Strike
0-1: Ball
1-1: Ball
2-1: Foul Ball, location: 2F
2-2: Ball
3-2: Base on Balls
Batting: SHB Conan Hanson 0-0: Ball
Nick Harris is caught stealing 2nd base
1-0: Ball
2-0: SINGLE (Groundball, 34D)
Batting: SHB Dave Henley 0-0: Swinging Strike
0-1: Called Strike
0-2: Foul Ball, location: 2F
0-2: Foul Ball, location: 2F
0-2: Strikes out swinging
Bottom of the 4th over - 0 run(s), 1 hit(s), 0 error(s), 1 left on base; Wisconsin Rapids 0 - Bemidji 3
TOP OF THE 5TH
Wisconsin Rapids Rangers batting - Pitching for Bemidji Benders : LHP Jesse Payne
Batting: RHB Robert Acosta 0-0: Called Strike
0-1: Called Strike
0-2: Ball
1-2: Ball
2-2: Foul Ball, location: 2F
2-2: Strikes out swinging
Batting: RHB Andrés Bustamante 0-0: SOLO HOME RUN (Flyball, 78XD), Distance : 379 ft
Batting: RHB Pedro Ramírez 0-0: Swinging Strike
0-1: Ball
1-1: Foul Ball, location: 2F
1-2: Ball
2-2: Ball
3-2: Strikes out swinging
Batting: RHB Salvador Vázquez 0-0: Foul Ball, location: 2F
0-1: Ball
1-1: Ball
2-1: Foul Ball, location: 2F
2-2: Foul Ball, location: 2F
2-2: Ball
3-2: Strikes out swinging
Top of the 5th over - 1 run(s), 1 hit(s), 0 error(s), 0 left on base; Wisconsin Rapids 1 - Bemidji 3
BOTTOM OF THE 5TH
Bemidji Benders batting - Pitching for Wisconsin Rapids Rangers : RHP Carl Willis
Pitching: RHP Jesús Martínez
Batting: RHB Ken McDonald 0-0: Ball
1-0: Called Strike
1-1: SINGLE (Line Drive, 8LS)
Batting: LHB Todd Anderson 0-0: Called Strike
0-1: Swinging Strike
0-2: Foul Ball, location: 2F
0-2: Ball
1-2: Ball
2-2: Foul Ball, location: 2F
2-2: Ball
3-2: Strikes out swinging
Batting: RHB Bob Carr 0-0: Fly out, F6 (Line Drive, 6)
Batting: RHB Aaron Washington 0-0: Ball
1-0: Called Strike
1-1: Foul Ball, location: 2F
1-2: Ball
2-2: Ball
3-2: Fly out, F3 (Popup, 3DF)
Bottom of the 5th over - 0 run(s), 1 hit(s), 0 error(s), 1 left on base; Wisconsin Rapids 1 - Bemidji 3
TOP OF THE 6TH
Wisconsin Rapids Rangers batting - Pitching for Bemidji Benders : LHP Jesse Payne
Pitching: RHP Ambrose Palmer
Batting: RHB Troy Reed 0-0: Ball
1-0: Foul Ball, location: 2F
1-1: Foul Ball, location: 2F
1-2: Ball
2-2: Ball
3-2: Foul Ball, location: 2F
3-2: Strikes out swinging
Batting: LHB George Smith 0-0: Swinging Strike
0-1: Ball
1-1: SINGLE (Line Drive, 6D)
Batting: RHB Dick Slagboom 0-0: Ball
1-0: Ball
2-0: Ball
3-0: Base on Balls
George Smith to second
Batting: SHB Ricardo Arévalo 0-0: Ball
1-0: Ball
2-0: Called Strike
2-1: Called Strike
2-2: Ball
3-2: Foul Ball, location: 2F
3-2: Strikes out looking
Batting: RHB Juan García 0-0: Called Strike
0-1: Hit by Pitch
George Smith to third
Dick Slagboom to second
Batting: RHB Robert Acosta 0-0: Foul Ball, location: 2F
0-1: Foul Ball, location: 2F
0-2: Strikes out looking
Top of the 6th over - 0 run(s), 1 hit(s), 0 error(s), 3 left on base; Wisconsin Rapids 1 - Bemidji 3
BOTTOM OF THE 6TH
Bemidji Benders batting - Pitching for Wisconsin Rapids Rangers : RHP Jesús Martínez
Batting: LHB Jesús Raugel 0-0: Ball
1-0: Called Strike
1-1: Ball
2-1: Swinging Strike
2-2: Hit by Pitch
Batting: RHB Taylor Justice 0-0: Ball
1-0: Foul Ball, location: 2F
1-1: Ball
2-1: Called Strike
2-2: Ground out 4-3 (Groundball, 4M)
Jesús Raugel to second
Batting: RHB Nick Harris 0-0: Intentional Walk
Batting: SHB Conan Hanson 0-0: Called Strike
0-1: Called Strike
0-2: Ball
1-2: Foul Ball, location: 2F
1-2: Ball
2-2: Fielders Choice at 2nd, 3-6 (Groundball, 3)
Jesús Raugel to third
Batting: SHB Dave Henley 0-0: SINGLE (Groundball, 34D)
Jesús Raugel scores
Conan Hanson to second
Runner from 2nd tries for 3rd, SAFE, throw made to third
Batting: RHB Ken McDonald 0-0: Ball
1-0: Foul Ball, location: 2F
1-1: Ball
2-1: Ground out 6-3 (Groundball, 6)
Bottom of the 6th over - 1 run(s), 1 hit(s), 0 error(s), 2 left on base; Wisconsin Rapids 1 - Bemidji 4
TOP OF THE 7TH
Wisconsin Rapids Rangers batting - Pitching for Bemidji Benders : RHP Ambrose Palmer
Batting: RHB Andrés Bustamante 0-0: Ball
1-0: Ball
2-0: Ball
3-0: Base on Balls
Batting: RHB Pedro Ramírez 0-0: Called Strike
0-1: Ball
1-1: Called Strike
1-2: Ball
2-2: Foul Ball, location: 2F
2-2: Strikes out swinging
Batting: RHB Salvador Vázquez 0-0: Foul Ball, location: 2F
0-1: Foul Ball, location: 2F
0-2: Strikes out swinging
Batting: RHB Troy Reed 0-0: Foul Ball, location: 2F
0-1: Ball
1-1: Ball
2-1: Ball
3-1: Base on Balls
Andrés Bustamante to second
Pitching: LHP Carlos Corona
Batting: LHB George Smith 0-0: Called Strike
0-1: Ground out 3-1 (Groundball, 34)
Top of the 7th over - 0 run(s), 0 hit(s), 0 error(s), 2 left on base; Wisconsin Rapids 1 - Bemidji 4
BOTTOM OF THE 7TH
Bemidji Benders batting - Pitching for Wisconsin Rapids Rangers : RHP Jesús Martínez
Pitching: LHP Luis Cota
Batting: LHB Todd Anderson 0-0: Ball
1-0: Ball
2-0: Ball
3-0: Base on Balls
Batting: RHB Bob Carr 0-0: Ball
1-0: Called Strike
1-1: Ball
2-1: Ball
3-1: Sac Bunt - play at first, batter safe!
Todd Anderson to second
Batting: RHB Aaron Washington 0-0: Called Strike
0-1: Foul Ball, location: 2F
0-2: Ball
1-2: Ball
2-2: Foul Ball, location: 2F
2-2: SINGLE (Line Drive, 89S)
Todd Anderson to third
Bob Carr to second
Pinch Hitting: RHB Ramón Padilla 0-0: Ball
1-0: Called Strike
1-1: Ball
2-1: Foul Ball, location: 2F
2-2: Foul Ball, location: 2F
2-2: Foul Ball, location: 2F
2-2: Ball
3-2: Base on Balls
Todd Anderson scores
Bob Carr to third
Aaron Washington to second
Batting: RHB Taylor Justice 0-0: Called Strike
0-1: Foul Ball, location: 2F
0-2: Ball
1-2: Strikes out swinging
Batting: RHB Nick Harris 0-0: Called Strike
0-1: Called Strike
0-2: Fielders Choice at 2nd, 5-4 (Groundball, 5)
Bob Carr scores
Aaron Washington to third
Batting: SHB Conan Hanson 0-0: Ball
1-0: Called Strike
1-1: Ball
2-1: Foul Ball, location: 2F
2-2: Foul Ball, location: 2F
2-2: Fly out, F4 (Popup, 34D)
Bottom of the 7th over - 2 run(s), 2 hit(s), 0 error(s), 2 left on base; Wisconsin Rapids 1 - Bemidji 6
TOP OF THE 8TH
Wisconsin Rapids Rangers batting - Pitching for Bemidji Benders : LHP Carlos Corona
Now in LF: Simăo Polido
Batting: RHB Dick Slagboom 0-0: Called Strike
0-1: Foul Ball, location: 2F
0-2: Foul Ball, location: 2F
0-2: Fly out, F7 (Flyball, 7M)
Batting: SHB Ricardo Arévalo 0-0: Ball
1-0: Called Strike
1-1: Ball
2-1: Ball
3-1: Base on Balls
Batting: RHB Juan García 0-0: Ball
1-0: Grounds into double play, 6-4-3 (Groundball, 6)
Top of the 8th over - 0 run(s), 0 hit(s), 0 error(s), 0 left on base; Wisconsin Rapids 1 - Bemidji 6
BOTTOM OF THE 8TH
Bemidji Benders batting - Pitching for Wisconsin Rapids Rangers : LHP Luis Cota
Pitching: RHP Matt Sullivan
Batting: SHB Dave Henley 0-0: Ball
1-0: Ball
2-0: Foul Ball, location: 2F
2-1: Called Strike
2-2: Ball
3-2: Strikes out swinging
Batting: RHB Ken McDonald 0-0: Called Strike
0-1: Ball
1-1: Ball
2-1: Ball
3-1: Fly out, F4 (Popup, 34D)
Batting: LHB Todd Anderson 0-0: Ball
1-0: Ground out 4-3 (Groundball, 4)
Bottom of the 8th over - 0 run(s), 0 hit(s), 0 error(s), 0 left on base; Wisconsin Rapids 1 - Bemidji 6
TOP OF THE 9TH
Wisconsin Rapids Rangers batting - Pitching for Bemidji Benders : LHP Carlos Corona
Now at 1B: Bruce Foster
Batting: RHB Robert Acosta 0-0: Foul Ball, location: 2F
0-1: Ball
1-1: Called Strike
1-2: Foul Ball, location: 2F
1-2: SINGLE (Line Drive, 7S)
Batting: RHB Andrés Bustamante 0-0: Fly out, F7 (Line Drive, 7M)
Batting: RHB Pedro Ramírez 0-0: Ball
1-0: Fielders Choice at 2nd, 6-4 (Groundball, 6M)
Batting: RHB Salvador Vázquez 0-0: Fly out, F7 (Flyball, 7M)
Top of the 9th over - 0 run(s), 1 hit(s), 0 error(s), 1 left on base; Wisconsin Rapids 1 - Bemidji 6
Monday, December 5th, 2016 - OOTP Baseball 17.12 Build 75